 Dungeon Crawl Stone Soup version 0.30.1-3-gfc49f6343a (webtiles) character file.

Game seed: 5455379912588538237

153 Anriel the Shooter (level 5, -5/31 HPs)
             Began as a Deep Elf Hunter on July 26, 2023.
             Killed from afar by Terence (9 damage)
             ... with a puff of flame
             ... on level 3 of the Dungeon.
             The game lasted 00:13:28 (1935 turns).

Anriel the Shooter (Deep Elf Hunter)                Turns: 1935, Time: 00:13:32

Health: -5/31      AC:  4    Str:  8    XL:     5   Next: 12%
Magic:  7/7        EV: 13    Int: 14    God:
Gold:   72         SH:  0    Dex: 20    Spells: 4/4 levels left

rFire   . . .        a - +0 shortbow
rCold   . . .        (shield currently unavailable)
rNeg    . . .        c - +1 leather armour
rPois   .            (no helmet)
rElec   .            (no cloak)
rCorr   .            (no gloves)
SInv    .            (no boots)
Will    .....        (no amulet)
Stlth   ++           (no ring)
HPRegen 0.25/turn    (no ring)
MPRegen 0.10/turn

%: no passive effects
@: no status effects
A: no striking features
a: no special abilities


You were on level 3 of the Dungeon.
You visited 1 branch of the dungeon, and saw 3 of its levels.

You collected 72 gold pieces.

Inventory:

Hand Weapons
 a - a +0 shortbow (weapon)
Armour
 c - a +1 leather armour (worn)
Magical Staves
 e - a staff of death
Scrolls
 b - 2 scrolls of immolation
 m - 4 scrolls of teleportation
Potions
 d - 3 potions of brilliance
 f - a potion of lignification
 g - a potion of flight {unknown}
 j - a potion of mutation {unknown}
 l - a potion of cancellation


   Skills:
 + Level 2.3 Fighting
 * Level 6.8 Ranged Weapons
 + Level 3.5 Dodging
 + Level 3.0 Stealth


You had 4 spell levels left.
You didn't know any spells.
Your spell library contained the following spells:

 Spells                   Type           Power      Damage    Failure   Level
 Gell's Gravitas          Tloc           0%         N/A       77%         3
 Ozocubu's Armour         Ice            0%         N/A       77%         3
 Teleport Other           Tloc           0%         N/A       77%         3
 Metabolic Englaciation   Hex/Ice        0%         N/A       100%        5
 Dispersal                Tloc           0%         N/A       100%        6
 Simulacrum               Ice/Necr       0%         N/A       100%        6


Dungeon Overview and Level Annotations

Branches:
Dungeon (3/15)

Altars:

Shops:
D:1 (

Annotations:
D:3 Terence


Message History

Press: ? - help, Q - select action Shift-Dir - straight line, f/p - Terence
Aim: Terence, wielding a +0 falchion, wearing a +0 chain mail and carrying a wand of flame (12) (severely wounded, 72% to hit)
You shoot an arrow. The arrow barely misses the orc.
The arrow barely misses Terence.
The orc completely misses you.
Terence asks, "Do you want it fast or slow?"
Fire: a) +0 shortbow
Press: ? - help, Q - select action Shift-Dir - straight line, f/p - Terence
Aim: Terence, wielding a +0 falchion, wearing a +0 chain mail and carrying a wand of flame (12) (severely wounded, 72% to hit)
You shoot an arrow. The arrow hits the orc!
You kill the orc!
Terence hits you but does no damage.
Fire: a) +0 shortbow
Press: ? - help, Q - select action Shift-Dir - straight line, f/p - Terence
Aim: Terence, wielding a +0 falchion, wearing a +0 chain mail and carrying a wand of flame (12) (severely wounded, 72% to hit)
You shoot an arrow.
The arrow hits Terence but does no damage.
Terence is severely wounded.
Terence hits you with a +0 falchion.
Fire: a) +0 shortbow
Press: ? - help, Q - select action Shift-Dir - straight line, f/p - Terence
Aim: Terence, wielding a +0 falchion, wearing a +0 chain mail and carrying a wand of flame (12) (severely wounded, 72% to hit)
You shoot an arrow. The arrow closely misses Terence.
Terence zaps a wand.
The puff of flame hits you!
* * * LOW HITPOINT WARNING * * *
Fire: a) +0 shortbow
Press: ? - help, Q - select action Shift-Dir - straight line, f/p - Terence
Aim: Terence, wielding a +0 falchion, wearing a +0 chain mail and carrying a wand of flame (11) (severely wounded, 72% to hit)
You shoot an arrow.
The arrow hits Terence but does no damage.
Terence is severely wounded.
Terence hits you with a +0 falchion.
* * * LOW HITPOINT WARNING * * *
It was a potion of cancellation.
Your magical effects are unravelling.
You feel magically purged.
You feel less wooden.
Your +1 leather armour unmelds from your body.
Terence zaps a wand.
The puff of flame hits you!
You die...

##............#
#.#...#######.#
##...## #.#
#####.....# #.#
.........## #.#
#######.## #)#
#.# ####.###
#@# #...)..#
##@## #.##.#.#
##...## # #.#.#
##.....## #.# #
##.......## .†.
#.........# ...
+.........+ ...
#.........#
#...#
##.......##
##.....##


You could see Terence.

Vanquished Creatures
  An orc wizard (D:3)
  Natasha (thrice) (D:2)
  A gnoll (D:1)
  A dart slug (D:1)
  3 orcs (D:3)
  4 ball pythons
  5 bats
  3 endoplasms (D:1)
  2 giant cockroaches (D:2)
  3 hobgoblins
  2 jackals (D:2)
  6 kobolds
  3 quokkas
  3 frilled lizards (D:2)
  4 rats
44 creatures vanquished.

Notes
Turn   | Place    | Note
-------+----------+-------------------------------------------
     0 | D:1      | Anriel the Deep Elf Hunter began the quest for the Orb.
     0 | D:1      | Reached XP level 1. HP: 12/12 MP: 3/3
   376 | D:2      | Reached XP level 2. HP: 17/17 MP: 4/4
   556 | D:2      | Noticed Natasha
   564 | D:2      | Killed Natasha
   565 | D:2      | Reached XP level 3. HP: 5/21 MP: 5/5
   574 | D:2      | Noticed Natasha
   589 | D:2      | Killed Natasha
   590 | D:2      | Reached skill level 6 in Ranged Weapons
   772 | D:2      | Reached XP level 4. HP: 26/26 MP: 6/6
   935 | D:2      | Noticed Natasha
   940 | D:2      | Killed Natasha
  1166 | D:1      | Found Muizaipnit's Antique Weapon Boutique.
  1226 | D:1      | Found a faded altar of an unknown god.
  1712 | D:3      | Noticed a centaur
  1889 | D:3      | Noticed Terence
  1908 | D:3      | Reached XP level 5. HP: 17/31 MP: 7/7
  1935 | D:3      | Killed from afar by Terence

Illustrated notes

Levels and vault maps discovered:
D:1:      lemuel_arrival_behind_the_door_large, layout_basic,
          shapermc_ecumenical_altar_mp_highgroup, serial_shops, shop_fountains,
          ebering_dispersal_statue_hall
D:2:      layout_loops_ring, chequers_jeans, uniq_natasha
D:3:      layout_loops_corners, general_overflow_altar, nrook_campfire,
          due_unseen_surprise, uniq_ijyb, uniq_crazy_yiuf_cottage, uniq_jessica,
          uniq_terence

Skill      XL: |  1  2  3  4 |
---------------+-------------+-----
Stealth        | 2 3 |  3.0
Fighting       | 2 |  2.3
Ranged Weapons | 6 |  6.8
Dodging        | 3 |  3.5

Action                     |  1- 3 |  4- 6 || total
---------------------------+-------+-------++-------
   Fire: Shortbow          |    62 |    80 ||   142
    Use: Scroll            |     2 |     4 ||     6
         Potion            |       |     2 ||     2
 Armour: Leather armour    |    17 |     9 ||    26
         Skin              |       |     5 ||     5
  Dodge: Dodged            |    32 |    22 ||    54
